AoeStats
← PanChichotek

Arabia

508407283Analyzed
1v1 RM · 10d ago on Sep 22, 2026· 117m 27s· 2 players
Game mode
Random Map
Map size
Tiny (2 player)
Population
200
Speed
Normal
Resources
Standard
Victory
Conquest
Starting age
Dark Age
Ending age
Imperial Age
RankedLock teamsTeams togetherTeam positionsShared explorationLock speedFull tech treeHidden civsTurbo modeCheats
Victory
Defeat
🇳🇱 Mongols · Netherlands
765
+17
🇵🇱 Goths · Poland
792
-17
PaidOrange1302
1:21 Loom
9:11 Feudal Age
11:01 Man-at-Arms
21:17 Castle Age
22:13 Horse Collar
23:47 Double-Bit Axe
26:07 Bloodlines
29:51 Gold Mining
34:35 Heavy Plow
34:54 Husbandry
36:22 Ballistics
40:18 Imperial Age
39:12 Thumb Ring
39:08 Murder Holes
39:54 Gold Shaft Mining
39:33 Bow Saw
39:20 Fletching
39:31 Padded Archer Armor
40:39 Bodkin Arrow
40:59 Leather Archer Armor
41:27 Parthian Tactics
42:13 Elite Mangudai
43:33 Hoardings
43:46 Bracer
46:12 Wheelbarrow
45:25 Town Watch
45:47 Scale Barding Armor
45:53 Forging
46:39 Town Patrol
47:07 Chain Barding Armor
46:11 Elite Steppe Lancer
48:02 Capped Ram
50:43 Iron Casting
50:08 Scale Mail Armor
52:48 Siege Ram
53:50 Elite Skirmisher
55:41 Blast Furnace
54:57 Chain Mail Armor
65:06 Conscription
64:48 Nomads
64:29 Cavalier
70:03 Light Cavalry
80:53 Masonry
85:11 Hand Cart
107:54 Hussar
PanChichotek
6:35 Loom
13:07 Feudal Age
18:43 Man-at-Arms
22:02 Scale Mail Armor
27:36 Castle Age
27:40 Pikeman
27:41 Long Swordsman
32:32 Squires
32:25 Horse Collar
32:35 Double-Bit Axe
34:12 Padded Archer Armor
34:28 Chain Mail Armor
34:19 Scale Barding Armor
34:49 Bow Saw
35:27 Elite Skirmisher
40:59 Anarchy
41:15 Forging
41:21 Leather Archer Armor
44:56 Heavy Plow
48:44 Murder Holes
49:09 Ballistics
54:31 Imperial Age
51:50 Town Watch
54:38 Wheelbarrow
54:04 Town Patrol
55:41 Conscription
55:18 Halberdier
56:05 Perfusion
57:03 Murder Holes
58:08 Chemistry
56:59 Heated Shot
57:20 Masonry
57:21 Clinker Construction
57:56 Hand Cart
58:35 Ring Archer Armor
68:04 Iron Casting
67:20 Fletching
68:09 Elite Huskarl
83:13 Long Swordsman
83:46 Two-Handed Swordsman
87:10 Champion
117:10 Hand Cart
Connection lost

Rejoining the realm…

Still unreachable

The connection could not be restored.

Session expired

The server has moved on; the page needs a fresh start.